Map: Efemeryda ER

Players

kers - Winner!

  • Race: Protoss Protoss
  • League: Platinum
  • Spawn Location: 11:00

VOD

Have the link to the VOD?

Description

Time

  • Played on: March 4, 2020, 3:08 p.m.
  • Length: 2:31
Show
View Real Time Build Order
Export as new Build Order

kers Protoss - Winner!

Build Orders: 1 Gate Expand 

Get SALT Encoding   

  12  0:02  Probe  
  12  0:14  Probe  
  12  0:18  Pylon  
  12  0:26  Probe  
  12  0:38  Probe (Chrono Boost)  
  12  0:40  Gateway  
  12  0:47  Assimilator  
  12  0:51  Probe (Chrono Boost)  
  12  0:56  Probe (Chrono Boost)  
  12  1:05  Probe  
  12  1:17  Probe  
  12  1:29  Probe  
  12  1:32  Nexus  
  12  1:41  Probe  
  12  1:47  Cybernetics Core  
  12  1:54  Assimilator  
  12  1:55  Probe  
  12  2:00  Pylon  
  12  2:18  Probe  
Tags
 
Add a new tag
Caveats
  • Supply blocks, unpowered buildings, or Contaminate may cause inaccurate times.
  • Supply counts are checked every 10 seconds.